 Dungeon Crawl Stone Soup version 0.15-a0-1914-g8cb84b8 (console) character file.

83 Nacere the Magician (level 4, -1/24 HPs)
             Began as a Deep Elf Ice Elementalist on July 7, 2014.
             Slain by Crazy Yiuf
             ... wielding a +3 quarterstaff of chaos
              (4 damage)
             ... on Level 3 of the Dungeon.
             The game lasted 00:04:35 (820 turns).

Nacere the Magician (Deep Elf Ice Elementalist)      Turns: 820, Time: 00:04:36

HP  -1/24        AC  2     Str  6      XL: 4   Next: 22%
MP   2/15        EV 12     Int 20      God:
Gold 51          SH  0     Dex 15      Spells:  3 memorised,  4 levels left

rFire  . . .     SeeInvis .     e - +0 whip
rCold  . . .     Clarity  .     a - +0 robe
rNeg   . . .     rCorr    .     (no shield)
rPois  .         rRot     .     (no helmet)
rElec  .         Spirit   .     (no cloak)
SustAb .         Warding  .     (no gloves)
rMut   .         Stasis   .     (no boots)
Gourm  .                        (no amulet)
MR     .....                    (no ring)
                                (no ring)

@: very slightly contaminated, drained, not resistant to hostile enchantments,
unstealthy
A: no striking features
a: no special abilities


You were on level 3 of the Dungeon.
You were not hungry.

You visited 1 branch of the dungeon, and saw 3 of its levels.

You collected 51 gold pieces.

Inventory:

Hand weapons
 e - a +0 whip (weapon)
Missiles
 o - 8 javelins (quivered)
Armour
 a - a +0 robe (worn)
 d - a +0 ring mail
 h - a cursed +0 buckler
 q - a +0 ring mail
Comestibles
 c - a bread ration
Scrolls
 f - a scroll of fear {unknown}
 i - a scroll of identify {unknown}
 k - a scroll of enchant weapon {unknown}
 p - a scroll of fog {unknown}
Potions
 g - 2 potions of curing {unknown}
 j - a potion of confusion {unknown}
 l - a potion of haste {unknown}
 m - a potion of agility {unknown}
 n - a potion of mutation {unknown}
Books
 b - a book of Frost

   Spells                             Type                      Level
   *Freeze                            Ice                          1
   *Throw Frost                       Conjuration/Ice              2
   Ozocubu's Armour                   Charms/Ice                   3
   *Throw Icicle                      Conjuration/Ice              4
   Summon Ice Beast                   Ice/Summoning                4
   Condensation Shield                Ice                          4


   Skills:
 - Level 2.4(2.1) Dodging
 - Level 2.4(2.1) Stealth
 - Level 4.0(3.6) Spellcasting
 + Level 3.6(3.3) Conjurations
 + Level 3.6(3.3) Ice Magic


You had 4 spell levels left.
You knew the following spells:

 Your Spells              Type           Power        Failure   Level  Hunger
a - Freeze                Ice            ###.         3%          1    None
b - Throw Frost           Conj/Ice       ###...       6%          2    ##.....
c - Throw Icicle          Conj/Ice       ###.....     38%         4    ####...


Dungeon Overview and Level Annotations

Branches:
Dungeon (3/15)

Altars:
Elyvilon

Annotations:
D:3 Crazy Yiuf


Message History

You miscast Throw Icicle.
You are very lightly contaminated with residual magic.
A wave of violent energy washes through your body!
Casting: Throw Icicle
Confirm with . or Enter, or press ? or * to list all spells.
Aiming: Throw Icicle
Press: ? - help, Shift-Dir - straight line, f/p - Crazy Yiuf
Aim: Crazy Yiuf, wielding a quarterstaff of chaos and wearing a cloak (heavily wounded)
The shard of ice hits Crazy Yiuf.
Crazy Yiuf is severely wounded.
Casting: Throw Icicle
Confirm with . or Enter, or press ? or * to list all spells.
Aiming: Freeze
Press: ? - help, Shift-Dir - straight line, f/p - Crazy Yiuf
Aim: Crazy Yiuf, wielding a quarterstaff of chaos and wearing a cloak (severely wounded)
You miscast Freeze.
Frost spreads across the the floor.
Crazy Yiuf hits you with a quarterstaff of chaos!
* * * LOW HITPOINT WARNING * * *
You feel drained.
You die...

##.# ...# # .... # # #..#
#.# #..# #.# #..# ..#
#..###♣♣♣♣♣ ###
#..#....♣@♣♣♣
########.....♣..♣g.♣
...........)...♣♣♣♣.....#
###.######....♣♣ ♣#..)# #
##.# ####♣♣ ### . #.####
#.# #.)..# #.# #.###.# #
### #.# ..# #.# ##.# #.#
#.#


You could see Crazy Yiuf.

Vanquished Creatures
  A hound (D:3)
  A gnoll (D:3)
  An adder (D:2)
  A giant gecko (D:2)
  An orc (D:3)
  10 bats
  2 giant cockroaches
  4 hobgoblins
  2 quokkas
  2 giant newts (D:2)
  5 goblins
  4 kobolds
  2 rats
36 creatures vanquished.

Vanquished Creatures (others)
  A bat (D:3)
1 creature vanquished.

Grand Total: 37 creatures vanquished

Notes
Turn   | Place    | Note
--------------------------------------------------------------
     0 | D:1      | Nacere, the Deep Elf Ice Elementalist, began the quest for the Orb.
     0 | D:1      | Reached XP level 1. HP: 10/10 MP: 5/5
   142 | D:2      | Reached XP level 2. HP: 6/15 MP: 4/8
   146 | D:2      | Learned a level 2 spell: Throw Frost
   177 | D:2      | Reached skill level 4 in Spellcasting
   489 | D:3      | Reached XP level 3. HP: 13/19 MP: 4/12
   653 | D:2      | Found a white marble altar of Elyvilon.
   704 | D:3      | Reached XP level 4. HP: 12/24 MP: 7/15
   711 | D:3      | Learned a level 4 spell: Throw Icicle
   813 | D:3      | Noticed Crazy Yiuf
   820 | D:3      | Slain by Crazy Yiuf

Action                   |  1- 3 |  4- 6 || total
-------------------------+-------+-------++-------
Melee: Whip              |    33 |     3 ||    36
       Unarmed           |     1 |       ||     1
 Cast: Freeze            |    30 |     3 ||    33
       Throw Frost       |     5 |       ||     5
       Throw Icicle      |       |     2 ||     2
 Stab: Sleeping          |     6 |       ||     6
